 Dungeon Crawl Stone Soup version 0.29-a0-393-g47a863cc1b (console) character file.

Game seed: 8266253501151938996

1382 om the Cleaver (level 8, -3/64 HPs)
             Began as a Minotaur Berserker on May 10, 2022.
             Was a Believer of Trog.
             Killed from afar by a steam dragon (12 damage)
             ... with a ball of steam
             ... on level 5 of the Dungeon.
             The game lasted 00:11:08 (6065 turns).

om the Cleaver (Minotaur Berserker)                 Turns: 6065, Time: 00:11:08

Health: -3/64      AC:  6    Str: 22    XL:     8   Next: 40%
Magic:  7/7        EV: 13    Int:  4    God:    Trog [**....]
Gold:   211        SH:  0    Dex: 12    Spells: 7/7 levels left

rFire   . . .      SeeInvis .   q - +0 war axe
rCold   . . .      Faith    .   (no shield)
rNeg    . . .      Spirit   .   u - +0 troll leather armour
rPois   .          Reflect  .   (helmet restricted)
rElec   .          Harm     .   A - +0 cloak
rCorr   .          Rampage  .   (no gloves)
Will    .....                   (no boots)
Stlth   +.........              (no amulet)
HPRegen 1.00/turn               (no ring)
MPRegen 0.10/turn               (no ring)

@: on berserk cooldown, slowed, very slow
A: horns 2, retaliatory headbutt
a: Renounce Religion, Berserk, Trog's Hand


You were on level 5 of the Dungeon.
You worshipped Trog.
Trog was pleased with you.
You visited 1 branch of the dungeon, and saw 5 of its levels.

You collected 281 gold pieces.
You spent 70 gold pieces at shops.

Inventory:

Hand Weapons
 q - a +0 war axe (weapon)
 C - a +4 scythe of holy wrath
Armour
 h - a +0 ring mail
 u - a +0 troll leather armour (worn)
 A - a +0 cloak (worn)
Jewellery
 o - a ring of positive energy
Wands
 B - a wand of digging (2)
Scrolls
 d - 2 scrolls of blinking
 i - 2 scrolls of teleportation
 j - a scroll of fear {unknown}
 m - a scroll of amnesia {unknown}
 p - a scroll of magic mapping
 t - a scroll of fog {unknown}
 w - a scroll of enchant weapon {unknown}
 x - a scroll of acquirement {unknown}
 y - a scroll of summoning
Potions
 a - 2 potions of magic {unknown}
 b - 2 potions of ambrosia
 c - 3 potions of might
 e - a potion of invisibility
 f - a potion of haste
 g - 2 potions of flight
 k - 5 potions of curing
 l - 2 potions of mutation
 n - a potion of cancellation
 r - a potion of brilliance
 s - a potion of heal wounds {unknown}
 v - a potion of degeneration {unknown}


   Skills:
 - Level 3.6 Fighting
 * Level 10.0 Axes
 - Level 6.0 Armour
 - Level 6.0 Dodging


You had 7 spell levels left.
You didn't know any spells.
Your spell library was empty.

Dungeon Overview and Level Annotations

Branches:
Dungeon (5/15)
 Temple: D:4-7

Altars:
Cheibriados
Fedhas
Okawaru
Qazlal
Trog
Uskayaw
Vehumet

Shops:
D:2 *

Annotations:
D:4 exclusion: statue


Innate Abilities, Weirdness & Mutations

You have a pair of horns on your head.
You reflexively headbutt those who attack you in melee.


Message History

The steam dragon misses you.
You are engulfed in a cloud of scalding steam.
The steam dragon bites you.
The steam dragon claws you but does no damage.
You are too injured to fight recklessly!
You are too injured to fight recklessly!
You closely miss the steam dragon.
The fungus is engulfed in a cloud of scalding steam.
You slash the steam dragon! Your headbutt misses the steam dragon.
The steam dragon is moderately wounded.
The steam dragon closely misses you. The steam dragon misses you.
You closely miss the steam dragon.
The steam dragon is moderately wounded.
A nearby fungus withers and dies.
The steam dragon breathes steam at you. The ball of steam hits you!!
* * * LOW HITPOINT WARNING * * *
The ball of steam hits the fungus!!
The fungus begins to die.
The fungus is engulfed in a cloud of scalding steam.
The steam dragon bites you!
* * * LOW HITPOINT WARNING * * *
The steam dragon closely misses you.
You slash the steam dragon!
The steam dragon is severely wounded.
You slash the fungus!
The fungus begins to die.
You slash the fungus!
The fungus begins to die.
You are no longer berserk.
You are exhausted.
You feel yourself slow down.
The fungus is engulfed in a cloud of scalding steam.
The steam dragon bites you.
* * * LOW HITPOINT WARNING * * *
The steam dragon misses you.
Okay, then.
Blink to where?
Press: ? - help, Dir - move target
As you read the scroll of blinking, it crumbles to dust.
The steam dragon breathes steam at you. The ball of steam hits you!
You die...

####.........##########.....###.#
........####.# ##...## #.#
.######## #.# ####.### #.# ## #.#
###....# #.# ### #.######...####
####.# ..#####
####........###..###.....
#..P.≈###.....#######P§.P^≈#.....
#..^≈≈..#######≈P≈^≈≈§P...≈##....
#...PP^.≈P......@§§...§..^..#....
#...........P.P.PPP§§≈§.....#....
#..P.P^≈P.P.#########≈D§...≈#..##
#...P#########.......#≈PP.≈##..#
.#####...............##^..##.).#
..####.##.######..#########..#.#
.......##.######.####........#.#
#.####.##.##.....#.....#######.#
#..##..##.##.#.....##..# #.#


There were no monsters in sight!

Vanquished Creatures
  Sigmund (D:5)
  Eustachio (D:5)
  A steam dragon (D:5)
  Duvessa (D:4)
  A black bear (D:4)
  Blork the orc (D:5)
  A phantom (D:5)
  A necrophage (D:4)
  2 scorpions
  Dowan (D:4)
  A hound (D:4)
  Crazy Yiuf (D:5)
  An iguana (D:4)
  2 orc wizards
  4 gnolls
  9 adders
  A white imp (D:3)
  3 worms
  5 dart slugs
  18 orcs
  13 ball pythons
  8 endoplasms
  9 giant cockroaches
  12 goblins
  10 hobgoblins
  3 jackals (D:4)
  4 quokkas
  8 bats
  4 frilled lizards
  5 kobolds
  4 rats
136 creatures vanquished.

Vanquished Creatures (others)
  A wizard (D:3)
  A fungus (D:5)
  A plant (D:2)
3 creatures vanquished.

Grand Total: 139 creatures vanquished

Notes
Turn   | Place    | Note
-------+----------+-------------------------------------------
     0 | D:1      | om the Minotaur Berserker began the quest for the Orb.
     0 | D:1      | Reached XP level 1. HP: 19/19 MP: 0/0
   375 | D:1      | Found a faded altar of an unknown god.
   402 | D:1      | Reached XP level 2. HP: 26/26 MP: 1/1
   416 | D:1      | Reached skill level 4 in Axes
  1039 | D:2      | Reached XP level 3. HP: 31/31 MP: 2/2
  1424 | D:2      | Found Leyrru's General Store.
  1437 | D:2      | Reached ** piety under Trog
  1696 | D:2      | Bought a scroll of identify for 28 gold pieces
  1696 | D:2      | Bought a potion of curing for 42 gold pieces
  2325 | D:3      | Reached XP level 4. HP: 39/39 MP: 3/3
  2378 | D:3      | Reached skill level 5 in Axes
  2636 | D:3      | Reached XP level 5. HP: 44/45 MP: 4/4
  2756 | D:3      | Found a blossoming altar of Fedhas.
  2786 | D:4      | Noticed Dowan
  2786 | D:4      | Noticed Duvessa
  2909 | D:4      | Reached skill level 5 in Armour
  2909 | D:4      | Reached XP level 6. HP: 51/51 MP: 5/5
  2974 | D:3      | Reached skill level 6 in Axes
  3319 | D:3      | Found a bloodstained altar of Trog.
  3401 | D:3      | Noticed a wizard
  3406 | D:3      | Killed a wizard
  3478 | D:3      | Found a hide-covered altar of Uskayaw.
  3549 | D:3      | Reached *** piety under Trog
  3718 | D:3      | Found a blossoming altar of Fedhas.
  3781 | D:3      | Found a hide-covered altar of Uskayaw.
  4089 | D:3      | Found a bloodstained altar of Trog.
  4329 | D:4      | Reached XP level 7. HP: 46/57 MP: 6/6
  4579 | D:4      | Killed Dowan
  4580 | D:4      | Reached skill level 7 in Axes
  4601 | D:4      | Killed Duvessa
  4699 | D:4      | Found a stormy altar of Qazlal.
  4862 | D:4      | Found a snail-covered altar of Cheibriados.
  4915 | D:4      | Found an iron altar of Okawaru.
  4944 | D:4      | Found a radiant altar of Vehumet.
  5222 | D:5      | Entered Level 5 of the Dungeon
  5279 | D:5      | Noticed Eustachio
  5289 | D:5      | Killed Eustachio
  5290 | D:5      | Reached skill level 8 in Axes
  5290 | D:5      | Reached skill level 5 in Dodging
  5392 | D:5      | Found a runed translucent door.
  5393 | D:5      | Noticed Crazy Yiuf
  5404 | D:5      | Killed Crazy Yiuf
  5495 | D:5      | Noticed Sigmund
  5504 | D:5      | Killed Sigmund
  5505 | D:5      | Reached skill level 9 in Axes
  5505 | D:5      | Reached XP level 8. HP: 64/64 MP: 7/7
  5793 | D:5      | Noticed Blork the orc
  5803 | D:5      | Killed Blork the orc
  6057 | D:5      | Reached skill level 10 in Axes
  6065 | D:5      | Killed from afar by a steam dragon

Illustrated notes

Levels and vault maps discovered:
D:1:      amcnicky_arrival_feature_with_door, layout_loops_cross,
          shapermc_ecumenical_altar_mp_vishouse
D:2:      minmay_roachtagon, layout_rooms, serial_shops, nicolae_diamond_shop,
          serial_forest, infiniplex_forest_straight_3,
          infiniplex_forest_straight_3, infiniplex_forest_clump_tiny,
          infiniplex_forest_lined_room_2, infiniplex_forest_clump_diagonal,
          infiniplex_forest_lined_room_3, infiniplex_forest_end_1,
          infiniplex_forest_lined_room_3, infiniplex_forest_straight_3,
          infiniplex_forest_side_room, minivault_14
D:3:      minmay_diamond_boxcup, layout_rooms, mainiacjoe_overflow_alcove_4,
          fedhas_altar_1, trog_wizard, minmay_snake_closets
D:4:      wander_river, layout_cave_pods, general_overflow_altar,
          vehumet_statue, mainiacjoe_overflow_big_doors, uniq_duvessa
D:5:      kennysheep_steamy, layout_rooms, mainiacjoe_overflow_24_doors,
          uniq_crazy_yiuf_cottage, uniq_blork_the_orc, uniq_sigmund,
          uniq_eustachio, uniq_grinder

Skill      XL: |  1  2  3  4  5  6  7  8 |
---------------+-------------------------+-----
Axes           | 4 5 6 9 10 | 10.0
Armour         | 3 4 5 6 |  6.0
Dodging        | 3 4 5 6 |  6.0
Fighting       | |  3.6

Action                   |  1- 3 |  4- 6 |  7- 9 || total
-------------------------+-------+-------+-------++-------
Melee: Hand axe          |    85 |    79 |       ||   164
       Headbutt          |    10 |    14 |    12 ||    36
       Punch             |     1 |       |       ||     1
       War axe           |       |    54 |    86 ||   140
Invok: Berserk           |     4 |     5 |     8 ||    17
  Use: Scroll            |     2 |     6 |     5 ||    13
 Stab: Sleeping          |       |     1 |       ||     1
Armor: Animal skin       |    14 |       |       ||    14
       Ring mail         |    14 |    36 |       ||    50
       Troll leather arm |       |    15 |    24 ||    39
Dodge: Dodged            |    44 |   104 |    41 ||   189

Table legend: (Time is in decaauts)
 A = Elapsed time spent in this place.
 B = Non-inter-level travel time spent in this place.
 C = Inter-level travel time spent in this place.
 D = Time resting spent in this place.
 E = Time spent auto-exploring this place.
 F = Levels seen in this place.
 G = Mean time per level.
                   A        B        C        D        E       F      G
               +--------+--------+--------+--------+--------+-----+--------+
         Total |   6269 |   6056 |    213 |   1879 |   3288 |   5 | 1253.8 |
       Dungeon |   6269 |   6056 |    213 |   1879 |   3288 |   5 | 1253.8 |
               +--------+--------+--------+--------+--------+-----+--------+

Top non-repeatable levels by time:
     D:3: 1728 daAuts
     D:2: 1300 daAuts
     D:4: 1268 daAuts
     D:1: 1083 daAuts
     D:5: 888 daAuts
